 Dungeon Crawl Stone Soup version 0.30-a0-802-gb92711bcdf (webtiles) character file.

Game seed: 14818804865688783066

22 Pimp the Shield-Bearer (level 2, -1/27 HPs)
             Began as a Minotaur Fighter on Feb 23, 2023.
             Slain by a ball python (3 damage)
             ... on level 2 of the Dungeon.
             The game lasted 00:00:57 (762 turns).

Pimp the Shield-Bearer (Minotaur Fighter)            Turns: 762, Time: 00:00:57

Health: -1/27      AC:  7    Str: 20    XL:     2   Next: 68%
Magic:  1/1        EV:  6    Int:  5    God:
Gold:   74         SH:  4    Dex:  9    Spells: 1/1 levels left

rFire   . . .      SeeInvis .    a - +0 long sword
rCold   . . .      Faith    .    c - +0 buckler
rNeg    . . .      Spirit   .    b - +0 scale mail
rPois   .          Reflect  .    (helmet restricted)
rElec   .          Harm     .    (no cloak)
rCorr   .          Rampage  .    (no gloves)
Will    .....                    (no boots) Stlth
                                 (no amulet)
HPRegen 0.24/turn                (no ring)
MPRegen 0.07/turn                (no ring)

@: constricted
A: horns 2, retaliatory headbutt
a: no special abilities


You were on level 2 of the Dungeon.
You visited 1 branch of the dungeon, and saw 2 of its levels.

You collected 74 gold pieces.

Inventory:

Hand Weapons
 a - a +0 long sword (weapon)
Armour
 b - a +0 scale mail (worn)
 c - a +0 buckler (worn)
Scrolls
 f - a scroll of enchant armour {unknown}
 i - a scroll of fog {unknown}
 k - a scroll of identify {unknown}
Potions
 d - a potion of might
 e - a potion of resistance {unknown}
 g - a potion of curing {unknown}
 h - a potion of mutation {unknown}
 j - a potion of flight {unknown}


   Skills:
 + Level 4.0 Fighting
 + Level 2.9 Long Blades
 + Level 3.9 Armour
 + Level 4.0 Shields


You had one spell level left.
You didn't know any spells.
Your spell library was empty.

Dungeon Overview and Level Annotations

Branches:
Dungeon (2/15)

Altars:

Annotations:
D:2 Jessica


Innate Abilities, Weirdness & Mutations

You have a pair of horns on your head.
You reflexively headbutt those who attack you in melee.


Message History

You headbutt the kobold, but do no damage.
You barely miss the kobold. The kobold barely misses you.
You furiously retaliate!
You headbutt the kobold!
You kill the kobold!
Your Fighting skill increases to level 4!
You open the door.
There is an open door here.
Key pressed, stopping explore.
You now have 74 gold pieces (gained 8).
You open the door.
There is an open door here.
You see here a +0 spear.
Done exploring.
Done exploring.
There is a stone staircase leading down here.
You climb downwards.
Jessica shouts!
The adder hisses angrily.
The ball python hisses angrily.
The hobgoblin shouts!
Found a stone staircase leading up.
There is a stone staircase leading up here.
A bat comes into view.
Jessica casts a spell at you. Pain shoots through your body!
You hit Jessica.
Jessica is moderately wounded.
Jessica misses you.
You barely miss Jessica.
Jessica is lightly wounded.
The bat closely misses you. You furiously retaliate!
You headbutt the bat.
You kill the bat!
You block the adder's attack. Jessica casts a spell at you.
Pain shoots through your body!
* * * LOW HITPOINT WARNING * * *
You block the ball python's attack. The ball python grabs you.
The ball python constricts you.
You hit Jessica.
Jessica is severely wounded.
The adder bites you but does no damage. The ball python bites you.
You die...

# ###.###
#.#.#.....#
#.#.#.....##
.......... #
#.......#
##.#.......#
#.........#
#......S<.#
#...g..@#.#
......S@#.#
#.......#.#
#...<...#.#
#.......#.#
##.######.#
#. .# #


You could see an adder, Jessica, a hobgoblin and a ball python.

Vanquished Creatures
  A dart slug (D:1)
  5 endoplasms (D:1)
  2 hobgoblins (D:1)
  2 ball pythons (D:1)
  5 bats
  A frilled lizard (D:1)
  3 kobolds (D:1)
  2 rats (D:1)
21 creatures vanquished.

Notes
Turn   | Place    | Note
-------+----------+-------------------------------------------
     0 | D:1      | Pimp the Minotaur Fighter began the quest for the Orb.
     0 | D:1      | Reached XP level 1. HP: 19/19 MP: 0/0
   183 | D:1      | Reached XP level 2. HP: 25/27 MP: 1/1
   758 | D:2      | Noticed Jessica
   762 | D:2      | Slain by a ball python

Illustrated notes

Levels and vault maps discovered:
D:1:      dpeg_arrival_simpleton_a, layout_basic, st_stairs_2,
          skrybe_limestone_x, minmay_misc_feat_columns
D:2:      layout_loops_ring, dreamdust_ecumenical_altar_drowned_temple,
          serial_shops, nicolae_shop_behind_doors, solitary_fountain,
          uniq_jessica, uniq_sigmund

Skill      XL: |  1  2 |
---------------+-------+-----
Shields        | 4 |  4.0
Fighting       | 4 |  4.0
Long Blades    | |  2.9
Armour         | |  3.9

Action                     || total
---------------------------++-------
  Melee: Long sword        ||    37
         Headbutt          ||     4
 Armour: Scale mail        ||    24
  Dodge: Dodged            ||    22
  Block: Buckler           ||    10

Table legend: (Time is in decaauts)
 A = Elapsed time spent in this place.
 B = Non-inter-level travel time spent in this place.
 C = Inter-level travel time spent in this place.
 D = Time resting spent in this place.
 E = Time spent auto-exploring this place.
 F = Levels seen in this place.
 G = Mean time per level.
                   A        B        C        D        E       F      G
               +--------+--------+--------+--------+--------+-----+--------+
         Total |    773 |    702 |     71 |      0 |    532 |   2 |  386.5 |
       Dungeon |    773 |    702 |     71 |      0 |    532 |   2 |  386.5 |
               +--------+--------+--------+--------+--------+-----+--------+

Top non-repeatable levels by time:
     D:1: 769 daAuts
     D:2: 4 daAuts
